 Dungeon Crawl Stone Soup version 0.24.0-10-g970556be89 (webtiles) character file.

Game seed: 9762909259809339462, levelgen mode: deterministic

39181 kkkmkkk the Thaumaturge (level 14, -20/106 HPs)
             Began as a Gnoll Wizard on Nov 3, 2019.
             Was an Elder of Sif Muna.
             Demolished by an orc warrior
             ... wielding a +0 halberd
             ... led by an orc warlord
              (39 damage)
             ... while paralysed by an orc sorcerer
             ... on level 2 of the Orcish Mines.
             The game lasted 00:52:09 (31437 turns).

kkkmkkk the Thaumaturge (Gnoll Wizard)             Turns: 31437, Time: 00:52:10

Health: -20/106    AC: 13    Str: 11    XL:     14   Next: 5%
Magic:  20/29      EV:  2    Int: 28    God:    Sif Muna [****..]
Gold:   822        SH:  0    Dex: 20    Spells: 3/35 levels left

rFire    . . .     SeeInvis .   O - +5 war axe
rCold    . . .     Gourm    .   G - +0 buckler
rNeg     + . .     Faith    .   W - +1 robe "Niryiffi" {rN+ MR- Int+3 Dex+7}
rPois    .         Spirit   .   i - +2 helmet
rElec    .         Reflect  .   k - +2 cloak
rCorr    +         Harm     .   F - +0 pair of gloves
MR       +....                  P - +0 pair of boots
Stlth    +++++.....             s - amulet of rage
HPRegen  0.27/turn              K - ring of protection from magic
MPRegen  0.21/turn              S - ring of resist corrosion

@: paralysed
A: distributed training, fangs 1, strong nose
a: Channel Magic, Forget Spell, Divine Exegesis, Renounce Religion, Evoke
Berserk Rage


You were on level 2 of the Orcish Mines.
You worshipped Sif Muna.
Sif Muna was greatly pleased with you.
You were not hungry.

You visited 4 branches of the dungeon, and saw 19 of its levels.

You collected 1226 gold pieces.
You spent 404 gold pieces at shops.

Inventory:

Hand Weapons
 x - a +2 whip of electrocution
 O - a +5 war axe (weapon)
Missiles
 q - 18 poisoned darts
 y - 12 boomerangs (quivered)
 N - 16 silver boomerangs
 X - a throwing net
Armour
 f - the +2 ring mail of Nuri {rElec Str+3 Int+2}
   (You found it on level 2 of the Lair of Beasts)

   It affects your strength (+3).
   It affects your intelligence (+2).
   It insulates you from electricity.
 i - a +2 helmet (worn)
 k - a +2 cloak (worn)
 F - a +0 pair of gloves (worn)
 G - a +0 buckler (worn)
 P - a +0 pair of boots (worn)
 W - the +1 robe "Niryiffi" (worn) {rN+ MR- Int+3 Dex+7}
   (You bought it in a shop on level 8 of the Dungeon)

   It affects your intelligence (+3).
   It affects your dexterity (+7).
   It protects you from negative energy.
   It affects your resistance to hostile enchantments.
Jewellery
 s - an amulet of rage (around neck)
 w - a cursed amulet of inaccuracy {unknown}
 K - a ring of protection from magic (left hand)
 S - a ring of resist corrosion (right hand)
 Z - an uncursed amulet of the acrobat
Wands
 b - a wand of polymorph (8)
 g - a wand of paralysis (3)
 B - a wand of random effects (23)
 H - a wand of flame (41)
 I - a wand of iceblast (12)
 L - a wand of digging (7)
 U - a wand of disintegration (14)
 V - a wand of acid (4)
Scrolls
 h - a scroll of identify
 l - a scroll of magic mapping {unknown}
 m - 10 scrolls of teleportation
 n - 4 scrolls of amnesia
 p - 11 scrolls of remove curse
 r - 4 scrolls of blinking
 u - 4 scrolls of enchant armour
 v - 3 scrolls of enchant weapon
 E - a scroll of holy word
 J - a scroll of silence
 Q - a scroll of fear {unknown}
 Y - a scroll of vulnerability {unknown}
Potions
 a - a potion of experience {unknown}
 c - 2 potions of agility
 e - 2 potions of cancellation
 j - a potion of ambrosia
 o - a potion of flight
 t - 2 potions of heal wounds
 A - 5 potions of curing
 C - 2 potions of haste
 D - 2 potions of lignification {unknown}
 R - a potion of might
 T - 2 potions of resistance {unknown}
Miscellaneous
 z - a lightning rod (4/4)
Comestibles
 d - 34 rations


   Skills:
 + Level 8.7 Fighting
 + Level 8.7 Short Blades
 + Level 8.7 Long Blades
 + Level 8.7 Axes
 + Level 8.7 Maces & Flails
 + Level 8.7 Polearms
 + Level 8.7 Staves
 + Level 8.7 Slings
 + Level 8.7 Bows
 + Level 8.7 Crossbows
 + Level 8.7 Throwing
 + Level 8.7 Armour
 + Level 9.8 Dodging
 + Level 9.7 Stealth
 + Level 8.7 Shields
 + Level 8.7 Unarmed Combat
 + Level 11.1 Spellcasting
 + Level 7.6 Conjurations
 + Level 7.2 Hexes
 + Level 7.2 Charms
 + Level 7.6 Summonings
 + Level 7.2 Necromancy
 + Level 7.6 Translocations
 + Level 7.2 Transmutations
 + Level 7.2 Fire Magic
 + Level 7.2 Ice Magic
 + Level 7.2 Air Magic
 + Level 7.2 Earth Magic
 + Level 7.2 Poison Magic
 + Level 9.5 Invocations
 + Level 8.7 Evocations


You had 3 spell levels left.
You knew the following spells:

 Your Spells              Type           Power        Failure   Level  Hunger
a - Stone Arrow           Conj/Erth      ######       1%          3    None
b - Venom Bolt            Conj/Pois      ######....   4%          5    ###....
c - Call Imp              Summ           ######..     1%          2    None
d - Conjure Flame         Conj/Fire      ######..     1%          3    None
e - Slow                  Hex            ######..     1%          2    None
f - Mephitic Cloud        Conj/Pois/Air  ######..     1%          3    None
g - Magic Dart            Conj           ####         1%          1    None
h - Passwall              Tmut/Erth      ######..     1%          2    None
i - Lee's Rapid Deconstr  Erth           ######....   4%          5    ###....
j - Blink                 Tloc           N/A          1%          2    None
k - Animate Dead          Necr           N/A          1%          4    None

Your spell library contained the following spells:

 Spells                   Type           Power        Failure   Level  Hunger
 Sandblast                Erth           ######       1%          1    None
 Sting                    Conj/Pois      ####         1%          1    None
 Poisonous Vapours        Pois/Air       ######       1%          2    None
 Airstrike                Air            ######....   1%          4    None
 Cause Fear               Hex            ######....   1%          4    None
 Ice Form                 Ice/Tmut       ######..     1%          4    None
 Leda's Liquefaction      Hex/Erth       ######....   1%          4    None
 Olgreb's Toxic Radiance  Pois           ######..     1%          4    None
 Passage of Golubria      Tloc           N/A          1%          4    None
 Petrify                  Tmut/Erth      ######..     1%          4    None


Dungeon Overview and Level Annotations

Branches:
Dungeon (10/15)            Temple (1/1) D:4            Lair (6/6) D:8
 Shoals (0/4) Lair:4        Snake (0/4) Lair:2        Slime (0/5) Lair:6
    Orc (2/2) D:10
    Elf: Orc:2

Altars:
Fedhas
Hepliaklqana
Kikubaaqudgha
Makhleb
Ru
Sif Muna
Trog
Vehumet
Xom
Yredelemnul
Zin
The Shining One
Jiyva

Shops:
D:8 [

Annotations:
Lair:5 2 transporters, Acheron's ghost, journeyman MiBe
Lair:6 1 runed translucent door


Innate Abilities, Weirdness & Mutations

Your experience applies equally to all skills.
You have very sharp teeth.
Your uncanny sense of smell can sniff out nearby items.


Message History

The orc sorcerer casts a spell at you.
You suddenly lose the ability to move!
The orc warrior hits you from afar with a +0 halberd!!
The troll bites you but does no damage. The troll claws you.
The troll claws you but does no damage.
The orc warrior hits you from afar with a +0 halberd!!
An orc warrior comes into view. It is wielding a +0 war axe.
The orc hits you but does no damage. The troll bites you but does no damage.
The troll claws you but does no damage. The troll claws you.
The orc warrior hits you from afar with a +0 halberd!!
The orc hits you but does no damage. The troll bites you!
* * * LOW HITPOINT WARNING * * *
The troll claws you.
* * * LOW HITPOINT WARNING * * *
The troll claws you.
* * * LOW HITPOINT WARNING * * *
The orc warlord hits you with a +3 dire flail of protection.
* * * LOW HITPOINT WARNING * * *
The orc warrior hits you from afar with a +0 halberd!!!
You die...

#.#...... ...
##......$ ....
#........ .......
.........#.......
........#........
.........#.......
#...$...o.#......
#......@To#......
##.....$oo.......
##.....oo......#
###............
##.....##o#.#
#...... .#
####...o . ##..#3
####.


You could see an orc warlord, a troll, a ynoxinul, 2 orc sorcerers, 2 orc
warriors and 3 orcs.

Vanquished Creatures
  6 hydras
  Harold (D:8)
  3 catoblepae (Lair:6)
  A two-headed ogre (D:10)
  9 death yaks (Lair:6)
  Urug (Lair:6)
  An oklob plant (Lair:2)
  2 manticores (Lair:6)
  A merfolk siren (Lair:4)
  Maurice (D:9)
  3 black mambas
  8 spiny frogs
  5 komodo dragons
  2 rime drakes
  A hornet (D:10)
  3 trolls
  4 hippogriffs
  10 blink frogs
  7 dream sheep
  A wyvern (Lair:2)
  Sigmund (D:5)
  36 yaks
  A hungry ghost (D:9)
  A basilisk (Lair:6)
  Menkaure (D:7)
  Edmund (D:5)
  2 nagas (Lair:2)
  3 wargs
  5 water moccasins
  4 porcupines
  6 orc warriors
  An ice beast (D:10)
  A sky beast (D:7)
  3 ogres
  A black bear (D:6)
  2 phantoms (D:10)
  A necrophage (D:10)
  11 crocodiles
  2 big kobolds (D:8)
  Blork the orc (D:5)
  10 bullfrogs
  A wyvern zombie (D:8)
  A wyvern skeleton (D:8)
  A scorpion (D:8)
  7 killer bees
  3 wights (D:9)
  2 electric eels
  2 howler monkeys
  A bullfrog zombie (D:6)
  A crimson imp (D:7)
  2 bullfrog skeletons
  2 hounds
  2 jellies
  6 orc priests
  2 centaur skeletons
  10 orc wizards
  2 iguanas
  8 hell rats (Lair:3)
  5 worker ants
  A hound zombie (D:6)
  A howler monkey zombie (D:9)
  7 gnolls
  A howler monkey skeleton (D:9)
  9 adders
  17 river rats (Lair:3)
  2 oozes
  2 adder zombies
  An adder skeleton (D:2)
  3 worms
  2 dart slugs
  5 leopard geckos
  56 orcs
  2 bat skeletons (D:2)
  A bat zombie (D:2)
  4 giant cockroaches
  7 goblins
  8 hobgoblins
  6 jackals (D:2)
  10 kobolds
  10 quokkas
  2 ball pythons
  6 bats
  8 frilled lizards
  A jackal skeleton (D:2)
  A leopard gecko skeleton (D:2)
  A leopard gecko zombie (D:2)
  A quokka skeleton (D:4)
  A quokka zombie (D:2)
  13 rats
  A fungus (Lair:1)
  A plant (Lair:2)
413 creatures vanquished.

Vanquished Creatures (collateral kills)
  A spiny frog (Lair:1)
  A komodo dragon (Lair:6)
  2 blink frogs (Lair:2)
  2 yaks (D:10)
  A water moccasin (D:9)
  A porcupine (Lair:1)
  2 orc warriors
  A phantom (D:6)
  An ogre (D:7)
  A centaur (D:10)
  A bullfrog (D:9)
  3 big kobolds
  A scorpion (D:10)
  2 killer bees (D:9)
  A wight (D:9)
  2 crimson imps
  A quasit (D:6)
  3 jellies
  5 orc priests
  5 orc wizards
  6 iguanas
  A hell rat (Lair:3)
  5 worker ants
  3 gnolls (D:3)
  An adder (D:3)
  3 river rats (Lair:3)
  A shadow imp (D:8)
  3 adder skeletons
  A worm (D:3)
  21 orcs
  2 hobgoblins
  2 jackals (D:2)
  A quokka (D:3)
  A frilled lizard (D:5)
88 creatures vanquished.

Vanquished Creatures (others)
  A yak (D:10)
  A killer bee (D:8)
  22 fungi
  7 plants
31 creatures vanquished.

Grand Total: 532 creatures vanquished

Notes
Turn   | Place    | Note
-------+----------+-------------------------------------------
     0 | D:1      | kkkmkkk the Gnoll Wizard began the quest for the Orb.
     0 | D:1      | Reached XP level 1. HP: 13/13 MP: 8/8
   262 | D:1      | Reached XP level 2. HP: 19/19 MP: 6/10
   402 | D:1      | Learned a level 2 spell: Blink
   405 | D:1      | Learned a level 2 spell: Call Imp
  1303 | D:2      | Reached XP level 3. HP: 25/25 MP: 6/11
  1488 | D:2      | Reached skill level 1 in Fighting
  1488 | D:2      | Reached skill level 1 in Short Blades
  1488 | D:2      | Reached skill level 1 in Long Blades
  1488 | D:2      | Reached skill level 1 in Axes
  1488 | D:2      | Reached skill level 1 in Maces & Flails
  1488 | D:2      | Reached skill level 1 in Polearms
  1488 | D:2      | Reached skill level 1 in Staves
  1488 | D:2      | Reached skill level 1 in Slings
  1488 | D:2      | Reached skill level 1 in Bows
  1488 | D:2      | Reached skill level 1 in Crossbows
  1488 | D:2      | Reached skill level 1 in Throwing
  1488 | D:2      | Reached skill level 1 in Armour
  1488 | D:2      | Reached skill level 1 in Shields
  1488 | D:2      | Reached skill level 1 in Unarmed Combat
  1488 | D:2      | Reached skill level 1 in Invocations
  1488 | D:2      | Reached skill level 1 in Evocations
  1488 | D:2      | Reached XP level 4. HP: 30/32 MP: 0/13
  1498 | D:2      | Found a faded altar of an unknown god.
  1777 | D:2      | Reached skill level 1 in Hexes
  1777 | D:2      | Reached skill level 1 in Charms
  1777 | D:2      | Reached skill level 1 in Necromancy
  1777 | D:2      | Reached skill level 1 in Transmutations
  1777 | D:2      | Reached skill level 1 in Fire Magic
  1777 | D:2      | Reached skill level 1 in Ice Magic
  1777 | D:2      | Reached skill level 1 in Air Magic
  1777 | D:2      | Reached skill level 1 in Earth Magic
  1777 | D:2      | Reached skill level 1 in Poison Magic
  2129 | D:2      | Reached XP level 5. HP: 22/37 MP: 0/14
  2443 | D:2      | Learned a level 3 spell: Conjure Flame
  2520 | D:2      | Learned a level 2 spell: Slow
  2524 | D:2      | Learned a level 3 spell: Mephitic Cloud
  3065 | D:3      | Reached XP level 6. HP: 42/44 MP: 1/16
  3538 | D:3      | You fall into a shaft and drop 1 floor!
  3855 | D:3      | Noticed a moth of wrath
  3858 | D:3      | Found a bloodstained altar of Trog.
  3934 | D:3      | Found a burning altar of Makhleb.
  3936 | D:3      | Noticed an Executioner
  3940 | D:3      | Noticed a ynoxinul
  3940 | D:3      | Noticed a ynoxinul
  4113 | D:3      | Reached skill level 5 in Dodging
  4628 | D:4      | Found a staircase to the Ecumenical Temple.
  4641 | Temple   | Entered the Ecumenical Temple
  4667 | Temple   | Became a worshipper of Sif Muna the Loreminder
  5274 | D:4      | Found a hazy altar of Hepliaklqana.
  5274 | D:4      | You fall into a shaft and drop 3 floors!
  5300 | D:7      | Reached XP level 7. HP: 48/50 MP: 9/18
  5604 | D:5      | Entered Level 5 of the Dungeon
  5888 | D:5      | Noticed Blork the orc
  6058 | D:4      | Found a shimmering altar of Xom.
  6059 | D:4      | Noticed a spectral ugly thing
  6420 | D:5      | Learned a level 3 spell: Stone Arrow
  6454 | D:5      | Killed Blork the orc
  6525 | D:5      | Noticed Edmund
  6529 | D:5      | Noticed Sigmund
  6709 | D:5      | Killed Sigmund
  6709 | D:5      | Reached skill level 5 in Stealth
  7195 | D:5      | Killed Edmund
  7195 | D:5      | Reached XP level 8. HP: 57/57 MP: 3/19
  7235 | D:5      | Got a brightly glowing leather armour
  7246 | D:5      | Identified the +1 leather armour of Jimyngestu {Stlth+}
                  | (You found it on level 5 of the Dungeon)
  7874 | D:6      | Reached * piety under Sif Muna
  8575 | D:6      | Reached skill level 8 in Spellcasting
  9243 | D:6      | Reached XP level 9. HP: 65/65 MP: 9/21
  9638 | D:6      | Found a shimmering blue altar of Sif Muna.
 10220 | D:7      | Noticed Menkaure
 10222 | D:7      | Killed Menkaure
 10279 | D:7      | Reached ** piety under Sif Muna
 10527 | D:7      | Found a glowing golden altar of the Shining One.
 11216 | D:8      | Reached skill level 5 in Invocations
 11313 | D:8      | Noticed a three-headed hydra
 11334 | D:8      | Killed a three-headed hydra
 11334 | D:8      | Reached XP level 10. HP: 36/73 MP: 1/22
 11705 | D:9      | Reached skill level 5 in Fighting
 11705 | D:9      | Reached skill level 5 in Short Blades
 11705 | D:9      | Reached skill level 5 in Long Blades
 11705 | D:9      | Reached skill level 5 in Axes
 11705 | D:9      | Reached skill level 5 in Maces & Flails
 11705 | D:9      | Reached skill level 5 in Polearms
 11705 | D:9      | Reached skill level 5 in Staves
 11705 | D:9      | Reached skill level 5 in Slings
 11705 | D:9      | Reached skill level 5 in Bows
 11705 | D:9      | Reached skill level 5 in Crossbows
 11705 | D:9      | Reached skill level 5 in Throwing
 11705 | D:9      | Reached skill level 5 in Armour
 11705 | D:9      | Reached skill level 5 in Shields
 11705 | D:9      | Reached skill level 5 in Unarmed Combat
 11705 | D:9      | Reached skill level 5 in Evocations
 11872 | D:9      | Learned a level 2 spell: Passwall
 12134 | D:9      | Reached *** piety under Sif Muna
 12303 | D:9      | Reached skill level 9 in Spellcasting
 12653 | D:9      | Found a sacrificial altar of Ru.
 12796 | D:9      | Reached skill level 5 in Conjurations
 12796 | D:9      | Reached skill level 5 in Summonings
 12796 | D:9      | Reached skill level 5 in Translocations
 12904 | D:8      | Found a staircase to the Lair.
 13315 | D:8      | Noticed Harold
 13513 | D:8      | Learned a level 5 spell: Lee's Rapid Deconstruction
 13642 | D:8      | Found an ancient bone altar of Kikubaaqudgha.
 13643 | D:8      | Found a blossoming altar of Fedhas.
 13695 | D:8      | Found a glowing silver altar of Zin.
 13774 | D:8      | Found Anky's Armour Shop.
 13785 | D:8      | Killed Harold
 13808 | D:8      | Noticed Maurice
 13993 | D:10     | Entered Level 10 of the Dungeon
 14005 | D:10     | Reached XP level 11. HP: 81/81 MP: 5/24
 14180 | D:9      | Killed Maurice
 14836 | D:10     | Reached **** piety under Sif Muna
 14881 | D:10     | Noticed a two-headed ogre
 14917 | D:10     | Reached skill level 5 in Hexes
 14917 | D:10     | Reached skill level 5 in Charms
 14917 | D:10     | Reached skill level 5 in Necromancy
 14917 | D:10     | Reached skill level 5 in Transmutations
 14917 | D:10     | Reached skill level 5 in Fire Magic
 14917 | D:10     | Reached skill level 5 in Ice Magic
 14917 | D:10     | Reached skill level 5 in Air Magic
 14917 | D:10     | Reached skill level 5 in Earth Magic
 14917 | D:10     | Reached skill level 5 in Poison Magic
 14921 | D:10     | Killed a two-headed ogre
 15469 | D:10     | Found a staircase to the Orcish Mines.
 16827 | D:8      | Bought the +1 robe "Niryiffi" {rN+ MR- Int+3 Dex+7} for 404
                  | gold pieces
 17074 | Lair:1   | Entered Level 1 of the Lair of Beasts
 17847 | Lair:1   | Noticed an eight-headed hydra
 17861 | Lair:1   | Killed an eight-headed hydra
 18300 | Lair:1   | Reached XP level 12. HP: 88/88 MP: 8/25
 18912 | Lair:2   | Reached skill level 10 in Spellcasting
 19409 | Lair:2   | Got a translucent ring mail
 19430 | Lair:2   | Found a staircase to the Snake Pit.
 20251 | Lair:2   | Noticed a four-headed hydra
 20261 | Lair:2   | Killed a four-headed hydra
 21191 | Lair:3   | Identified the +2 ring mail of Nuri {rElec Str+3 Int+2}
                  | (You found it on level 2 of the Lair of Beasts)
 21476 | Lair:3   | Noticed an eight-headed hydra
 21883 | Lair:4   | Noticed a five-headed hydra
 21891 | Lair:4   | Killed a five-headed hydra
 21960 | Lair:4   | Learned a level 5 spell: Venom Bolt
 22984 | Lair:4   | Found a staircase to the Shoals.
 23098 | Lair:5   | Found a transporter.
 23101 | Lair:5   | Noticed Acheron's ghost (journeyman MiBe)
 23287 | Lair:5   | Found a transporter.
 23546 | Lair:5   | Reached XP level 13. HP: 89/97 MP: 12/27
 24219 | Lair:6   | Entered Level 6 of the Lair of Beasts
 25561 | Lair:3   | Reached ***** piety under Sif Muna
 25561 | Lair:3   | Identified Sif Muna's Advanced Guide to Theurgy (Sif Muna
                  | gifted it to you on level 3 of the Lair of Beasts)
 25561 | Lair:3   | Received a gift from Sif Muna
 25688 | Lair:3   | Learned a level 4 spell: Animate Dead
 26432 | Lair:6   | Found a runed translucent door.
 26903 | Lair:6   | Found a viscous altar of Jiyva.
 26903 | Lair:6   | Noticed an azure jelly
 26905 | Lair:6   | Noticed an azure jelly
 26905 | Lair:6   | Noticed an azure jelly
 26907 | Lair:6   | Found a staircase to the Slime Pits.
 27616 | Lair:6   | Noticed Urug
 27620 | Lair:6   | Killed Urug
 29628 | Lair:6   | Reached skill level 11 in Spellcasting
 30428 | Lair:6   | Reached XP level 14. HP: 100/106 MP: 3/29
 31277 | Orc:1    | Entered Level 1 of the Orcish Mines
 31426 | Orc:2    | Entered Level 2 of the Orcish Mines
 31427 | Orc:2    | Noticed an orc warlord
 31433 | Orc:2    | Paralysed by an orc sorcerer for 7 turns
 31437 | Orc:2    | Demolished by an orc warrior

Levels and vault maps discovered:
D:1:      saegor_arrival_simple_d, layout_basic, minivault_27
D:2:      layout_rooms, first_ration, chequers_ecumenical_altar_simple,
          serial_undead, serial_undead_c, serial_undead_c, serial_undead_b,
          serial_undead_f, serial_undead_a
D:3:      layout_loops_ring, makhleb_altar_promises_db, tgw_trog
D:4:      layout_cave_pools, regret_index_temple_of_mockery,
          minmay_temple_entry_ruins
D:5:      layout_layer_cave, sigmund_edmund_badplayer, uniq_blork_the_orc
D:6:      layout_basic, dk_noncrumbling_3, led_sif_pool
D:7:      layout_gridville, tso_altar, uniq_menkaure
D:8:      layout_gridville, grunt_temple_overflow_growth_and_decay,
          erik_lair_orcish_takeover, basic_altar, serial_shops, shop,
          hangedman_ranch [blue_anna_fruit_fields], uniq_maurice, uniq_harold
D:9:      layout_roguey, overflow_temple_1_default, minmay_unpleasant_kobolds
D:10:     layout_basic, hiddenorc1_lemuel
Temple:   eino_temple_scatter_basement
Lair:1:   layout_regular_city, serial_bayou_shore_a
Lair:2:   layout_gridlike, guppyfry_snake_entry_island,
          nicolae_quartered_pool_little, minmay_lair_oklob_chamber
Lair:3:   lemuel_ratsnest, layout_layer_cave, chequers_serial_rivers_small_a
Lair:4:   layout_regular_city, minmay_shoals_entry_lonely_mermaid,
          small_statue_intersection, serial_bayou_pond_e,
          infiniplex_staircase_pool
Lair:5:   layout_cave_pods, gammafunk_ghost_arena,
          grunt_forest_small_clearing_treed
Lair:6:   evilmike_catoblepas_cave, layout_long_grid, slime_altar_2,
          minivault_26, uniq_urug
Orc:1:    layout_caves, serial_shops, nicolae_shop_crystal
Orc:2:    grunt_orc_cross, layout_diamond_mine

Skill      XL: |  1  2  3  4  5  6  7  8  9 10 11 12 13 |
---------------+----------------------------------------+-----
Conjurations   | 2 3 4 5 6 7 |  7.6
Summonings     | 2 3 4 5 6 7 |  7.6
Translocations | 2 3 4 5 6 7 |  7.6
Fighting       | 1 2 3 4 5 6 7 8 |  8.7
Short Blades   | 1 2 3 4 5 6 7 8 |  8.7
Long Blades    | 1 2 3 4 5 6 7 8 |  8.7
Axes           | 1 2 3 4 5 6 7 8 |  8.7
Maces & Flails | 1 2 3 4 5 6 7 8 |  8.7
Polearms       | 1 2 3 4 5 6 7 8 |  8.7
Staves         | 1 2 3 4 5 6 7 8 |  8.7
Slings         | 1 2 3 4 5 6 7 8 |  8.7
Bows           | 1 2 3 4 5 6 7 8 |  8.7
Crossbows      | 1 2 3 4 5 6 7 8 |  8.7
Throwing       | 1 2 3 4 5 6 7 8 |  8.7
Armour         | 1 2 3 4 5 6 7 8 |  8.7
Shields        | 1 2 3 4 5 6 7 8 |  8.7
Unarmed Combat | 1 2 3 4 5 6 7 8 |  8.7
Invocations    | 1 2 3 4 5 6 7 8 9 |  9.5
Evocations     | 1 2 3 4 5 6 7 8 |  8.7
Hexes          | 1 2 3 4 5 6 7 |  7.2
Charms         | 1 2 3 4 5 6 7 |  7.2
Necromancy     | 1 2 3 4 5 6 7 |  7.2
Transmutations | 1 2 3 4 5 6 7 |  7.2
Fire Magic     | 1 2 3 4 5 6 7 |  7.2
Ice Magic      | 1 2 3 4 5 6 7 |  7.2
Air Magic      | 1 2 3 4 5 6 7 |  7.2
Earth Magic    | 1 2 3 4 5 6 7 |  7.2
Poison Magic   | 1 2 3 4 5 6 7 |  7.2
Dodging        | 5 6 7 8 9 |  9.8
Stealth        | 5 6 7 8 9 |  9.7
Spellcasting   | 8 9 10 11 | 11.1

Action                   |  1- 3 |  4- 6 |  7- 9 | 10-12 | 13-15 || total
-------------------------+-------+-------+-------+-------+-------++-------
Melee: Dagger            |     6 |    34 |       |       |       ||    40
       Bite              |       |     6 |    18 |    17 |    14 ||    55
       Short sword       |       |    24 |   134 |    27 |       ||   185
       Punch             |       |       |     3 |       |       ||     3
       War axe           |       |       |       |   225 |   124 ||   349
 Cast: Magic Dart        |    42 |   226 |   163 |   227 |       ||   658
       Call Imp          |     2 |    38 |    83 |    88 |     2 ||   213
       Mephitic Cloud    |       |       |    24 |    40 |       ||    64
       Blink             |       |       |     6 |    23 |     1 ||    30
       Stone Arrow       |       |       |     5 |   129 |    71 ||   205
       Slow              |       |       |     1 |       |       ||     1
       Conjure Flame     |       |       |     5 |    12 |       ||    17
       Venom Bolt        |       |       |       |    16 |    92 ||   108
       Lee's Rapid Decon |       |       |       |     9 |       ||     9
       Animate Dead      |       |       |       |       |     5 ||     5
Evoke: Wand              |       |       |       |    17 |     4 ||    21
  Use: Potion            |       |       |     1 |       |     2 ||     3
       Scroll            |       |       |       |    17 |       ||    17
 Stab: Confused          |       |       |     6 |    15 |       ||    21
       Distracted        |       |       |     4 |     1 |       ||     5
       Sleeping          |       |       |       |     2 |       ||     2
  Eat: Chunk             |       |    13 |    15 |    31 |    17 ||    76
       Ration            |       |       |     1 |     3 |     5 ||     9
Armor: Robe              |     2 |    39 |    54 |    99 |    39 ||   233
Dodge: Dodged            |    17 |    78 |   117 |   299 |   149 ||   660
Block: Buckler           |       |       |       |   113 |    63 ||   176
